 Dungeon Sprint DCSS version 0.30.1-5-ged363bc7ee (webtiles) character file.

Game seed: 365880354093987030

3877 Heoruswealwe the Marksdemigod (level 9, 0/97 HPs)
             Began as a Demigod Hunter on Sept 19, 2023.
             Killed from afar by a white draconian (26 damage)
             ... with a blast of cold
             ... in the Dungeon (Sprint V: "Ziggurat Sprint").
             The game lasted 00:07:26 (482 turns).

Heoruswealwe the Marksdemigod (Demigod Hunter)       Turns: 482, Time: 00:07:27

Health: 0/97       AC:  3    Str: 12    XL:     9   Next: 68%
Magic:  11/11      EV: 13    Int: 11    God:
Gold:   0          SH:  0    Dex: 41    Spells: 8/8 levels left

rFire   . . .        a - +27 heavy crossbow "Sniper" {heavy, Acc+∞ SInv}
rCold   . . .        (shield currently unavailable)
rNeg    . . .        c - +0 leather armour
rPois   .            (no helmet)
rElec   .            (no cloak)
rCorr   .            (no gloves)
SInv    +            (no boots)
Will    .....        (no amulet)
Stlth   +++          k - +6 ring of dexterity
HPRegen 0.36/turn    j - +6 ring of dexterity
MPRegen 0.12/turn

%: no teleportation
@: studying Dodging
A: high MP 1, forlorn, divine attributes
a: no special abilities


You were in the Dungeon.
You visited 1 branch

Inventory:

Hand Weapons
 a - the +27 heavy crossbow "Sniper" (weapon) {heavy, Acc+∞ SInv}
   (You found it in the Dungeon)

   Acc+∞: It never misses its target.
   SInv:      It lets you see invisible.
 b - the +8 storm bow {elec, penet}
   (You found it in the Dungeon)
Armour
 c - a +0 leather armour (worn)
Jewellery
 j - a +6 ring of dexterity (right hand)
 k - a +6 ring of dexterity (left hand)
Wands
 g - a wand of digging (8)
Scrolls
 i - 4 scrolls of blinking
Potions
 d - 10 potions of curing
 e - 3 potions of heal wounds
 f - 6 potions of haste
 o - 2 potions of invisibility
 p - 4 potions of resistance


   Skills:
 + Level 15.2 Fighting
 + Level 15.5 Ranged Weapons
 - Level 1.7 Dodging
 - Level 0.8 Stealth


You had 8 spell levels left.
You didn't know any spells.
Your spell library contained the following spells:

 Spells                   Type           Power      Damage    Failure   Level
 Scorch                   Fire           0%         2d5       56%         2
 Volatile Blastmotes      Fire/Tloc      0%         2d10      80%         3
 Flame Wave               Conj/Fire      0%         2d4       99%         4
 Fulminant Prism          Conj/Hex       0%         3d5       99%         4
 Iskenderun's Mystic Bla  Conj/Tloc      0%         2d3       99%         4
 Passage of Golubria      Tloc           0%         N/A       99%         4
 Lee's Rapid Deconstruct  Erth           0%         3d4*      100%        5
 Conjure Ball Lightning   Conj/Air       0%         3x3d6     100%        6
 Dispersal                Tloc           0%         N/A       100%        6
 Summon Cactus Giant      Summ           0%         N/A       100%        6
 Discord                  Hex            0%         N/A       100%        8
 Disjunction              Tloc           0%         N/A       100%        8


Dungeon Overview and Level Annotations

Branches:
Dungeon (1/1)


Innate Abilities, Weirdness & Mutations

You have an increased reservoir of magic. (+10% MP)
You shall have no god before yourself.
Your divine heritage dramatically boosts your attributes as you level up.


Message History

A white draconian, a red draconian, 2 black draconians and 2 draconians come into view.
Found six items.
You shoot a bolt. The bolt hits the red draconian!!!!
The red draconian roars!
The red draconian is almost dead.
The black draconian roars!
You shoot a bolt. The white draconian roars!
The draconian roars!
The bolt hits the red draconian!!
You kill the red draconian!
The black draconian breathes lightning at you.
The bolt of lightning misses you. The bolt of lightning hits you!!
The white draconian breathes frost at you.
The blast of cold hits you!!!
The draconian roars!
Your Fighting skill increases to level 15!
You are too injured to fight recklessly!
You feel much better.
The black draconian hits you from afar with a +0 halberd!
You feel much better.
The black draconian completely misses you.
The white draconian hits you with a +0 battleaxe!
You feel much better.
The black draconian hits you from afar with a +0 halberd!
The white draconian breathes frost at you.
The blast of cold hits you!!!
Ouch! That really hurt!
* * * LOW HITPOINT WARNING * * *
You feel much better. The black draconian barely misses you.
The white draconian hits you with a +0 battleaxe!!
* * * LOW HITPOINT WARNING * * *
Fire: a) +27 heavy crossbow "Sniper" {heavy, Acc+∞ SInv}
Press: ? - help, Shift-Dir - straight line, f - black draconian
Aim: a black draconian, wielding a +0 battleaxe (100% to hit)
You shoot a bolt. The bolt hits the black draconian!
The black draconian is lightly wounded.
The black draconian misses you. The white draconian barely misses you.
The white draconian breathes frost at you.
The blast of cold hits you!!
You die...

▓..[)[..▓
▓..[[|..▓
▓.......▓
▓.......▓
▓..)....▓
..dd...
▓.▓.dd▓.▓
▓..d@...▓
▓▓▓▓▓▓▓▓▓


You could see 2 draconians, a white draconian (catching breath) and 2
draconians.

Vanquished Creatures
  A red draconian (D)
  A dancing weapon (D)
  A soul eater (D)
  A deep elf zephyrmancer (D)
  An orange demon (D)
  A hellwing (D)
  A slime creature (D)
  2 ushabtiu (D)
  A chaos spawn (D)
  A floating eye (D)
  2 black bears (D)
  A wolf (D)
  2 jellies (D)
  2 orc priests (D)
  An orc wizard (D)
  3 mummies (D)
  2 ufetubi (D)
  An orc (D)
25 creatures vanquished.

Notes
Turn   | Place    | Note
-------+----------+-------------------------------------------
     0 | D        | Heoruswealwe the Demigod Hunter began the quest for the
                  | Orb.
     0 | D        | Reached XP level 1. HP: 17/17 MP: 3/3
     2 | D        | Found the +6 Majin-Bo {spellvamp, MP+6 Int+6}
     2 | D        | Found the +27 heavy crossbow "Sniper" {heavy, Acc+∞ SInv}
     2 | D        | Found the +10 dark maul {heavy}
     2 | D        | Found the +15 Maxwell's patent armour {-Cast -Tele rElec
                  | Will+ rCorr}
     2 | D        | Found the +18 shield of the Gong {Loud rN+ Will+ rCorr
                  | EV-5}
     2 | D        | Found the +16 obsidian axe {drain, demonic, Mesm Drain Fly
                  | SInv}
     2 | D        | Found the +7 great mace "Firestarter" {flame, immolate,
                  | rFlCloud rF++}
     2 | D        | Found the +6 shillelagh "Devastator" {shatter}
     2 | D        | Found the +11 plutonium sword {Contam Stlth-}
     2 | D        | Found the +8 lance "Wyrmbane" {slay drac, rPois rF+ rC+
                  | AC+3}
     2 | D        | Found the +9 sword of Zonguldrok {reap}
     2 | D        | Found the +13 scythe of Curses {drain, curses, Drain}
     2 | D        | Found the +9 sword of Power {lifebolt}
     2 | D        | Found the +7 mace of Variability {chaos, chaos arc}
     2 | D        | Found the +11 Singing Sword {sonic wave}
     2 | D        | Found the +8 storm bow {elec, penet}
     3 | D        | Found a transporter.
    59 | D        | Reached skill level 5 in Fighting
    59 | D        | Reached XP level 2. HP: 29/29 MP: 4/4
    64 | D        | Entered arena 2.
    64 | D        | Noticed a deep elf zephyrmancer
    64 | D        | Noticed a +2 hand axe of electrocution
    64 | D        | Found a transporter.
    65 | D        | Killed a +2 hand axe of electrocution
    66 | D        | Reached skill level 10 in Fighting
    66 | D        | Reached skill level 10 in Ranged Weapons
    66 | D        | Reached XP level 3. HP: 36/46 MP: 5/5
    66 | D        | Reached XP level 4. HP: 41/52 MP: 6/6
    66 | D        | Reached XP level 5. HP: 47/59 MP: 7/7
    66 | D        | Reached XP level 6. HP: 53/67 MP: 8/8
    67 | D        | Killed a deep elf zephyrmancer
    68 | D        | Reached XP level 7. HP: 57/74 MP: 9/9
   123 | D        | Entered arena 3.
   123 | D        | Found a transporter.
   127 | D        | Reached XP level 8. HP: 80/83 MP: 10/10
   137 | D        | Entered arena 4.
   137 | D        | Noticed a slime creature
   137 | D        | Found a transporter.
   138 | D        | Paralysed by a floating eye for 4 turns
   143 | D        | Killed a slime creature
   154 | D        | Entered arena 5.
   154 | D        | Found a transporter.
   174 | D        | Entered arena 6.
   174 | D        | Found a transporter.
   298 | D        | Entered arena 7.
   298 | D        | Noticed a hellwing
   298 | D        | Noticed a soul eater
   298 | D        | Noticed an orange demon
   301 | D        | Killed a soul eater
   302 | D        | Reached XP level 9. HP: 56/95 MP: 11/11
   309 | D        | Killed an orange demon
   310 | D        | Reached skill level 15 in Ranged Weapons
   459 | D        | Found a transporter.
   470 | D        | Got the Omnibus of the Blink Frog
   475 | D        | Entered arena 8.
   475 | D        | Noticed a black draconian
   475 | D        | Noticed a white draconian
   475 | D        | Noticed a draconian
   475 | D        | Noticed a red draconian
   475 | D        | Noticed a black draconian
   475 | D        | Noticed a draconian
   477 | D        | Killed a red draconian
   478 | D        | Reached skill level 15 in Fighting
   482 | D        | Killed from afar by a white draconian

Illustrated notes

Levels and vault maps discovered:
D:        sprint_v [room_start, room_1, room_2, room_3, room_4, room_5, room_6,
          room_7, room_8, room_9, room_10, room_11, room_12, room_13, room_14,
          room_15, room_16, room_17, room_18, room_19, room_20, room_21,
          room_22, room_23, room_24, room_25, room_26, room_27]

Skill      XL: |  1  2  3  4  5  6  7  8  9 |
---------------+----------------------------+-----
Fighting       | 5 10 11 12 14 15 | 15.2
Ranged Weapons | 6 10 12 14 15 | 15.5
Dodging        | |  1.7
Stealth        | |  0.8

Action                     |  1- 3 |  4- 6 |  7- 9 || total
---------------------------+-------+-------+-------++-------
   Fire: Heavy crossbow    |     1 |     2 |    29 ||    32
    Use: Potion            |     1 |       |     7 ||     8
 Armour: Leather armour    |     1 |       |    16 ||    17
  Dodge: Dodged            |       |     2 |    85 ||    87
